 Dungeon Crawl Stone Soup version 0.20.1-1-g8b1a95d (webtiles) character file.

62 Linguinho the Digger (level 3, -3/19 HPs)
             Began as a Deep Elf Earth Elementalist on Oct 29, 2017.
             Slain by a gnoll
             ... wielding a cursed -1 flail
              (6 damage)
             ... on level 2 of the Dungeon.
             The game lasted 00:04:33 (1204 turns).

Linguinho the Digger (Deep Elf Earth Elementalist)  Turns: 1204, Time: 00:04:33

Health: -3/19      AC:  2    Str:  5    XL:     3   Next: 85%
Magic:  2/10       EV: 13    Int: 20    God:
Gold:   73         SH:  0    Dex: 15    Spells: 4/10 levels left

rFire    . . .     SeeInvis .   i - +2 dagger (speed)
rCold    . . .     Gourm    .   (no shield)
rNeg     . . .     Faith    .   c - +0 robe
rPois    .         Spirit   .   (no helmet)
rElec    .         Reflect  .   (no cloak)
rCorr    .         Harm     .   (no gloves)
MR       .....                  (no boots)
Stlth    ++........             a - amulet of inaccuracy (curse)
Regen    0.1/turn               (no ring)
MPRegen  0.2/turn               (no ring)

@: very slightly contaminated
A: no striking features
a: no special abilities


You were on level 2 of the Dungeon.
You were hungry.

You visited 1 branch of the dungeon, and saw 2 of its levels.

You collected 73 gold pieces.

Inventory:

Hand Weapons
 g - a +0 short sword of speed
 i - a +2 dagger of speed (weapon)
Missiles
 b - 22 stones (quivered)
Armour
 c - a +0 robe (worn)
Jewellery
 a - a cursed amulet of inaccuracy (around neck)
Scrolls
 h - a scroll of identify {unknown}
 k - a scroll of magic mapping {unknown}
 l - a scroll of teleportation {unknown}
Potions
 f - a potion of haste {unknown}
 m - a potion of invisibility {unknown}
 n - a potion of agility {unknown}
Books
 e - a book of Geomancy

   Spells                             Type                      Level
   a - Sandblast                      Earth                        1
   b - Passwall                       Transmutation/Earth          2
   c - Stone Arrow                    Conjuration/Earth            3
   d - Petrify                        Transmutation/Earth          4
   e - Lee's Rapid Deconstruction     Earth                        5
Comestibles
 d - a bread ration
 j - a royal jelly


   Skills:
 - Level 0.1 Fighting
 * Level 0.8 Short Blades
 * Level 2.8 Dodging
 * Level 2.5 Stealth
 * Level 4.1 Spellcasting
 * Level 1.1 Transmutations
 * Level 4.2 Earth Magic


You had 4 spell levels left.
You knew the following spells:

 Your Spells              Type           Power        Failure   Level  Hunger
a - Sandblast             Erth           ###...       2%          1    None
b - Passwall              Tmut/Erth      ##........   6%          2    #......
c - Stone Arrow           Conj/Erth      ##....       16%         3    ###....


Dungeon Overview and Level Annotations

Branches:
Dungeon (2/15)

Altars:


Message History

The bat misses you.
Casting: Sandblast
Confirm with . or Enter, or press ? or * to list all spells.
Aiming: Sandblast
Press: ? - help, Shift-Dir - straight line, f/p - gnoll
Aim: a gnoll, wielding an enchanted flail (almost dead)
The blast of sand misses the gnoll.
The blast of sand hits the bat.
You kill the bat!
b - 22 stones The gnoll barely misses you.
Casting: Sandblast
Confirm with . or Enter, or press ? or * to list all spells.
Aiming: Sandblast
Press: ? - help, Shift-Dir - straight line, f/p - gnoll
Aim: a gnoll, wielding an enchanted flail (severely wounded)
You miscast Sandblast.
You are very lightly contaminated with residual magic.
Nothing appears to happen.
The gnoll hits you with an enchanted flail.
You die...

## #.#........#+#.......#...#....
.# #.#........#.#.......#####....
.###.#........#.#.......#........
.......)......#....... #........
..............##.# .### #.....##.
.......#####.....##.... ......##.
.###+### #.......... .........
.###+#######......# .........
...............g@.# .........
..................#+## ###......
.....................# ##......
..........####.......# #.......
..........####.......# #.......
....................## ##.......
#.............###...###..........
..........รท...###................
.###+#####....##...>.............


You could see a gnoll.

Vanquished Creatures
  3 gnolls (D:2)
  A worm (D:2)
  3 giant cockroaches (D:1)
  3 goblins
  2 hobgoblins (D:2)
  6 jackals (D:1)
  A kobold (D:2)
  A quokka (D:2)
  3 bats
  4 rats
27 creatures vanquished.

Notes
Turn   | Place    | Note
-------+----------+-------------------------------------------
     0 | D:1      | Linguinho the Deep Elf Earth Elementalist began the quest for the Orb.
     0 | D:1      | Reached XP level 1. HP: 10/10 MP: 6/6
   320 | D:1      | Reached XP level 2. HP: 15/15 MP: 2/8
   777 | D:2      | Learned a level 2 spell: Passwall
  1050 | D:2      | Found a faded altar of an unknown god.
  1113 | D:2      | Reached XP level 3. HP: 16/19 MP: 7/10
  1118 | D:2      | Learned a level 3 spell: Stone Arrow
  1204 | D:2      | Slain by a gnoll

Skill      XL: |  1  2  3 |
---------------+----------+-----
Earth Magic    | 4 |  4.2
Spellcasting   | 4 |  4.1
Fighting       | |  0.1
Short Blades   | |  0.8
Dodging        | |  2.8
Stealth        | |  2.5
Transmutations | |  1.1

Action                   || total
-------------------------++-------
Melee: Unarmed           ||    17
       Short sword       ||    14
       Dagger            ||     8
 Cast: Sandblast         ||    36
       Stone Arrow       ||     2
 Stab: Sleeping          ||     4
Armor: Robe              ||    10
Dodge: Dodged            ||    42
